 Dungeon Crawl Stone Soup version 0.26-a0-520-g952f204493 (webtiles) character file.

Game seed: 2476905368867409122

388 ANON1729 the Cudgeler (level 6, -5/56 HPs)
             Began as a Hill Orc Monk on Aug 12, 2020.
             Slain by a gnoll shaman
             ... wielding a +0 club
              (10 damage)
             ... on level 5 of the Dungeon.
             The game lasted 00:05:00 (4133 turns).

ANON1729 the Cudgeler (Hill Orc Monk)               Turns: 4133, Time: 00:05:01

Health: -5/56      AC:  2    Str: 16    XL:     6   Next: 79%
Magic:  6/6        EV: 13    Int: 10    God:
Gold:   185        SH:  0    Dex: 13    Spells: 5/5 levels left

rFire    + . .     SeeInvis .   a - +0 mace
rCold    + . .     Faith    .   (no shield)
rNeg     . . .     Spirit   .   b - +0 robe
rPois    +         Reflect  .   (no helmet)
rElec    +         Harm     .   (no cloak)
rCorr    +                      (no gloves)
MR       .....                  (no boots)
Stlth    +++.......             (no amulet)
HPRegen  0.18/turn              h - ring of stealth
MPRegen  0.10/turn              n - ring of flight

@: mighty, resistant, hasted, very quick
A: no striking features
a: Evoke Flight


You were on level 5 of the Dungeon.
You visited 1 branch of the dungeon, and saw 5 of its levels.

You collected 185 gold pieces.

Inventory:

Hand Weapons
 a - a +0 mace (weapon)
Armour
 b - a +0 robe (worn)
Jewellery
 h - a ring of stealth (left hand)
 n - a ring of flight (right hand)
Wands
 m - a wand of flame (30)
Scrolls
 d - 4 scrolls of teleportation {unknown}
 e - 4 scrolls of fog {unknown}
 g - 3 scrolls of remove curse {unknown}
 i - 4 scrolls of identify {unknown}
 k - a scroll of magic mapping {unknown}
 p - a scroll of blinking {unknown}
Potions
 c - a potion of magic
 l - a potion of heal wounds {unknown}


   Skills:
 + Level 5.3 Fighting
 * Level 5.8 Maces & Flails
 + Level 2.9 Armour
 - Level 3.0 Dodging
 - Level 2.0 Stealth


You had 5 spell levels left.
You didn't know any spells.
Your spell library contained the following spells:

 Spells                   Type           Power        Failure   Level
 Magic Dart               Conj           #...         36%         1
 Blink                    Tloc           N/A          50%         2
 Call Imp                 Summ           #.......     50%         2
 Slow                     Hex            #.......     50%         2
 Conjure Flame            Conj/Fire      #.......     75%         3
 Mephitic Cloud           Conj/Pois/Air  #.......     75%         3


Dungeon Overview and Level Annotations

Branches:
Dungeon (5/15)             Temple (0/1) D:4

Altars:
The Shining One

Annotations:
D:3 Sigmund


Message History

The worker ant zombie bites you.
* * * LOW HITPOINT WARNING * * *
The gnoll closely misses you.
Okay, then.
You sock the worker ant zombie!
You destroy the worker ant zombie!
The gnoll hits you from afar with a +0 spear.
* * * LOW HITPOINT WARNING * * *
Found an opalescent robe.
You see here an opalescent robe.
The gnoll shaman shouts!
The gnoll shaman closely misses you.
You feel yourself speed up. The gnoll barely misses you.
The gnoll shaman barely misses you.
It was a potion of resistance.
You feel protected.
The gnoll hits you from afar with a +0 spear.
* * * LOW HITPOINT WARNING * * *
The gnoll shaman hits you with a +0 club!
You die...

#......#.#...gg.g.............
#....).#.#g################...
#......#.#g# #..........
#......#)#.# #####.#####....
#......#.#g# #.....# #.###
#......#(#.# #.##### #g#
####'#.#(#[# ##.#########g###
#.#.#.#.####.........$...g.
#.#.#.#gg.@g>...........#..
#.#.#.######.#########?.#..
#.#.#....# #.##### #..#..
#.#.####.# #.....# #..#.?
#.#.# #.# #####.# #..#.# #.#.#
#.# #.# #..#.# #.#.# #.# #.#
#..#.# #######.#.# #.#######.#
........#.# #.##......#


You could see a gnoll shaman and 2 gnolls.

Vanquished Creatures
  A centaur (D:5)
  An ogre (D:4)
  A bullfrog zombie (D:5)
  A bullfrog skeleton (D:5)
  A hound (D:4)
  Jessica (D:2)
  A worker ant zombie (D:5)
  3 adders
  An adder zombie (D:1)
  3 worms
  A leopard gecko (D:1)
  2 orcs
  3 ball pythons
  6 bats
  4 giant cockroaches
  5 goblins
  3 hobgoblins
  12 jackals
  4 kobolds
  A quokka (D:3)
  A ball python zombie (D:1)
  5 frilled lizards
  7 rats
68 creatures vanquished.

Notes
Turn   | Place    | Note
-------+----------+-------------------------------------------
     0 | D:1      | ANON1729 the Hill Orc Monk began the quest for the Orb.
     0 | D:1      | Reached XP level 1. HP: 19/19 MP: 1/1
   320 | D:1      | Reached XP level 2. HP: 22/27 MP: 2/2
   995 | D:1      | Reached XP level 3. HP: 33/33 MP: 3/3
  1693 | D:2      | Noticed Jessica
  1700 | D:2      | Killed Jessica
  1700 | D:2      | Reached skill level 1 in Armour
  1700 | D:2      | Reached XP level 4. HP: 38/40 MP: 4/4
  2010 | D:3      | Noticed Sigmund
  2269 | D:3      | HP: 2/41 [quokka (5)]
  2291 | D:4      | Found a staircase to the Ecumenical Temple.
  2594 | D:4      | Reached XP level 5. HP: 36/47 MP: 5/5
  2620 | D:4      | Noticed an ogre
  2691 | D:4      | Found a glowing golden altar of the Shining One.
  2891 | D:4      | Killed an ogre
  2891 | D:4      | Reached skill level 5 in Maces & Flails
  3301 | D:3      | Reached XP level 6. HP: 52/55 MP: 6/6
  3513 | D:5      | Entered Level 5 of the Dungeon
  3608 | D:5      | Reached skill level 5 in Fighting
  4081 | D:5      | Noticed an ice beast
  4133 | D:5      | Slain by a gnoll shaman

Illustrated notes

Levels and vault maps discovered:
D:1:      saegor_arrival_fortress, layout_basic
D:2:      layout_rooms, uniq_jessica
D:3:      layout_basic, uniq_sigmund
D:4:      layout_basic, lemuel_doored_altar, minmay_temple_entry_arrows,
          portal_sewer_entry_d, chequers_serial_rivers_micro_c
D:5:      layout_basic

Skill      XL: |  1  2  3  4  5  6 |
---------------+-------------------+-----
Stealth        | 2 |  2.0
Fighting       | 4 5 |  5.3
Maces & Flails | 4 5 |  5.8
Armour         | 1 2 |  2.9
Dodging        | 3 |  3.0

Action                   |  1- 3 |  4- 6 || total
-------------------------+-------+-------++-------
Melee: Mace              |    97 |   178 ||   275
Evoke: Wand              |       |     3 ||     3
  Use: Potion            |       |     5 ||     5
 Stab: Sleeping          |     1 |     2 ||     3
       Distracted        |       |     1 ||     1
Armor: Robe              |    20 |    26 ||    46
Dodge: Dodged            |    73 |   148 ||   221

Table legend: (Time is in decaauts)
 A = Elapsed time spent in this place.
 B = Non-inter-level travel time spent in this place.
 C = Inter-level travel time spent in this place.
 D = Time resting spent in this place.
 E = Time spent auto-exploring this place.
 F = Levels seen in this place.
 G = Mean time per level.
                   A        B        C        D        E       F      G
               +--------+--------+--------+--------+--------+-----+--------+
         Total |   4168 |   4095 |     73 |   1780 |   1608 |   5 |  833.6 |
       Dungeon |   4168 |   4095 |     73 |   1780 |   1608 |   5 |  833.6 |
               +--------+--------+--------+--------+--------+-----+--------+

Top non-repeatable levels by time:
     D:1: 1198 daAuts
     D:4: 1058 daAuts
     D:2: 743 daAuts
     D:5: 625 daAuts
     D:3: 544 daAuts
